Map: Waterfall

Players

A.I. 1 (Elite)

  • Race: Zerg Zerg
  • Spawn Location: 7:00

Tristan - Winner!

  • Race: Protoss Protoss
  • League: Silver
  • Spawn Location: 1:00

VOD

https://www.youtube.com/watch?v=VfTw6Oai_xQ&list=PLOrKQEirgvjBJrKM31yhwA8v54pcBuXsx&index=1

Description

Time

  • Played on: Sept. 4, 2022, 11:21 a.m.
  • Length: 11:20
Show
View Real Time Build Order
Export as new Build Order

A.I. 1 (Elite) Zerg 

Build Orders: Hatch First 

Get SALT Encoding   

  12  0:00  Drone  
  13  0:12  Overlord  
  13  0:17  Drone  
  14  0:30  Drone x2  
  14  0:34  Drone  
  17  0:53  Hatchery  
  17  0:56  Drone  
  17  1:13  Spawning Pool  
  17  1:15  Extractor  
  17  1:16  Drone  
  16  1:20  Drone  
  16  1:24  Drone  
  18  1:28  Drone  
  19  1:38  Overlord  
  19  1:49  Drone  
  20  2:00  Queen  
  22  2:03  Zergling x2  
  22  2:04  Drone  
  24  2:17  Queen  
  24  2:21  Drone  
  27  2:32  Roach Warren  
  27  2:34  Drone  
  27  2:37  Extractor  
  27  2:39  Drone  
  27  2:46  Overlord  
  27  2:50  Drone  
  28  2:54  Drone  
  28  2:57  Drone  
  30  3:01  Drone  
  30  3:04  Drone  
  32  3:08  Zergling x2  
  32  3:11  Zergling x2  
  34  3:16  Roach  
  34  3:19  Roach  
  38  3:23  Roach  
  40  3:27  Roach  
  40  3:29  Drone  
  40  3:33  Drone  
  44  3:38  Overlord  
  44  3:44  Lair  
  44  3:48  Metabolic Boost  
  44  3:53  Overlord  
  44  3:56  Drone  
  44  3:58  Drone  
  44  4:00  Drone  
  47  4:03  Zergling x2  
  47  4:05  Zergling x2  
  47  4:07  Zergling x2  
  50  4:14  Evolution Chamber, Drone  
  50  4:19  Evolution Chamber, Drone  
  50  4:22  Drone  
  50  4:23  Drone  
  52  4:26  Drone  
  52  4:28  Drone  
  54  4:40  Zerg Missile Weapons Level 1  
  54  4:44  Drone, Hydralisk Den  
  54  4:45  Zerg Ground Armor Level 1  
  54  4:48  Overlord  
  54  4:51  Roach  
  56  4:54  Roach  
  58  5:06  Overlord, Drone x2  
  60  5:07  Extractor, Drone  
  60  5:09  Drone  
  60  5:11  Drone  
  60  5:13  Drone  
  63  5:15  Drone, Hydralisk  
  63  5:18  Hydralisk  
  68  5:24  Drone, Hydralisk  
  68  5:27  Overlord  
  71  5:30  Hydralisk  
  71  5:32  Drone  
  71  5:34  Drone  
  75  5:36  Drone  
  76  5:45  Drone  
  76  5:48  Infestation Pit, Overlord  
  76  5:49  Drone  
  77  5:51  Drone  
  77  5:53  Drone  
  77  5:54  Drone  
  80  5:57  Roach  
  82  6:06  Roach, Overlord  
  84  6:15  Evolution Chamber  
  84  6:17  Ravager  
  84  6:19  Extractor, Drone  
  84  6:20  Roach  
  84  6:22  Hatchery  
  84  6:23  Drone  
  84  6:24  Infestor  
  88  6:34  Zerg Melee Weapons Level 1  
  88  6:39  Infestor, Overlord  
  90  6:41  Drone x2  
  90  6:42  Drone  
  93  6:48  Ravager  
  93  6:50  Roach  
  93  6:53  Hydralisk  
  96  6:58  Overlord, Hydralisk  
  100  7:02  Hydralisk  
  100  7:08  Hydralisk  
  103  7:17  Overlord  
  103  7:26  Infestor  
  103  7:27  Spine Crawler  
  104  7:34  Drone x4  
  104  7:35  Drone x5  
  113  7:37  Overlord, Drone x2  
  113  7:38  Overseer  
  113  7:40  Drone  
  116  7:44  Drone  
  116  7:46  Drone  
  116  7:47  Extractor  
  116  7:50  Drone  
  118  7:52  Infestor  
  118  7:53  Drone x2  
  118  7:55  Drone  
  118  7:56  Extractor  
  118  7:57  Overlord, Zerg Missile Weapons Level 2  
  122  8:01  Drone  
  123  8:06  Drone  
  123  8:08  Roach  
  123  8:09  Drone x2  
  123  8:10  Drone  
  129  8:13  Drone  
  129  8:16  Overlord  
  129  8:19  Drone  
  131  8:24  Roach x2, Zergling x2, Drone  
  129  8:28  Zergling x2  
  129  8:31  Drone  
  120  8:34  Drone  
  120  8:35  Spine Crawler  
  120  8:38  Drone  
  120  8:41  Zergling x4, Drone x2  
  123  8:46  Zergling x2  
  125  8:49  Zergling x2  
  125  8:50  Queen x2  
  125  8:52  Drone  
  116  8:57  Roach  
  116  8:59  Roach  
  98  9:03  Roach  
  98  9:08  Roach  
  93  9:10  Hydralisk  
  93  9:12  Hydralisk  
  93  9:13  Drone x2  
  93  9:14  Roach  
  96  9:18  Ravager  
  96  9:19  Zergling x2  
  96  9:21  Zergling x2  
  96  9:22  Overseer  
  87  9:30  Hydralisk  
  82  9:31  Hydralisk  
  67  9:41  Roach  
  67  9:42  Zergling x2  
  67  9:44  Hydralisk  
  67  9:45  Zergling x2, Drone  
  59  9:46  Spine Crawler  
  52  9:53  Roach, Zergling x2  
  52  9:58  Overseer  
  52  10:03  Roach  
  52  10:04  Roach  
  51  10:13  Zergling x4, Hydralisk  
  43  10:14  Hydralisk  
  43  10:15  Drone  
  38  10:27  Hatchery  
  33  10:41  Spawning Pool  
  23  11:05  Drone  
Show
View Real Time Build Order
Export as new Build Order

Tristan Protoss - Winner!

Build Orders: 1 Gate Expand, Zealot Archon 

Get SALT Encoding   

  12  0:00  Probe  
  13  0:12  Probe  
  14  0:18  Pylon  
  14  0:24  Probe  
  15  0:37  Probe  
  16  0:44  Gateway  
  16  0:49  Probe  
  17  0:51  Assimilator  
  17  1:01  Probe (Chrono Boost)  
  18  1:10  Probe (Chrono Boost)  
  19  1:15  Probe (Chrono Boost)  
  20  1:28  Nexus  
  20  1:41  Cybernetics Core  
  20  1:45  Probe  
  21  1:49  Assimilator  
  21  1:56  Pylon  
  21  1:57  Probe  
  22  2:09  Probe  
  23  2:18  Stalker (Chrono Boost)  
  23  2:20  Warp Gate (Chrono Boost)  
  25  2:30  Probe  
  25  2:37  Robotics Facility  
  25  2:47  Probe (Chrono Boost)  
  25  2:51  Probe (Chrono Boost)  
  27  2:56  Stalker  
  27  2:58  Probe (Chrono Boost)  
  30  3:01  Probe (Chrono Boost)  
  30  3:02  Probe (Chrono Boost)  
  32  3:11  Probe  
  33  3:13  Probe  
  33  3:19  Gateway x2  
  34  3:23  Probe  
  34  3:25  Probe  
  34  3:26  Observer  
  37  3:28  Stalker  
  39  3:39  Probe  
  39  3:40  Probe  
  41  3:52  Probe  
  41  3:53  Probe  
  43  4:01  Pylon  
  43  4:03  Pylon  
  43  4:05  Probe, Pylon  
  43  4:06  Probe  
  45  4:16  Assimilator  
  45  4:18  Probe, Assimilator  
  45  4:19  Probe, Immortal  
  51  4:28  Twilight Council  
  51  4:32  Stalker x2  
  51  4:34  Stalker  
  57  4:49  Probe  
  58  4:54  Probe  
  58  4:59  Immortal  
  63  5:07  Probe  
  63  5:08  Charge (Chrono Boost)  
  64  5:19  Probe, Pylon  
  65  5:31  Gateway  
  65  5:34  Gateway  
  65  5:37  Gateway  
  65  5:40  Gateway  
  65  5:48  Gateway x2  
  65  5:49  Gateway  
  65  5:54  Templar Archives  
  65  5:58  Pylon  
  65  6:00  Pylon  
  65  6:01  Pylon  
  65  6:03  Pylon  
  65  6:05  Pylon  
  65  6:06  Warp Prism (Chrono Boost)  
  67  6:36  Zealot x3  
  67  6:37  Zealot x4  
  81  6:42  Zealot  
  81  6:43  Zealot x2  
  87  6:59  Zealot x2  
  87  7:00  Zealot x2  
  87  7:01  Zealot  
  97  7:05  Zealot x2  
  97  7:06  Zealot  
  103  7:30  Pylon  
  103  7:32  Pylon  
  103  7:34  Pylon  
  103  7:37  Pylon  
  103  7:39  Pylon  
  103  7:41  Pylon  
  103  7:42  Observer  
  104  7:46  High Templar  
  104  7:47  High Templar x6  
  104  7:48  High Templar  
  104  7:49  High Templar x2  
  124  7:55  Archon x4  
  124  7:56  Archon  
  109  8:27  Zealot x3  
  109  8:28  Zealot x7  
  89  8:56  Zealot x6  
  89  8:57  Zealot x2  
  89  8:59  Zealot  
  101  9:24  Zealot x5  
  98  10:00  Zealot  
  98  10:01  Zealot x6  
  98  10:04  Zealot  
  112  10:55  Zealot  
  112  10:56  Zealot x5  
  124  10:57  Zealot x4  
Tags
 
Add a new tag
Caveats
  • Supply blocks, unpowered buildings, or Contaminate may cause inaccurate times.
  • Supply counts are checked every 10 seconds.